 Dungeon Sprint DCSS version bcrawl-1.21.3-2-g9d8a61a446 (webtiles) character file.

Game seed: 3918488084824771835

4497 funkygono the Basher (level 10, -7/74 HPs)
             Began as a Gargoyle Fighter on Apr 12, 2020.
             Was the Champion of the Shining One.
             Killed from afar by a deep elf mage (13 damage)
             ... with a bolt of cold
             ... in the Dungeon (Sprint V: "Ziggurat Sprint").
             The game lasted 00:08:36 (580 turns).

funkygono the Basher (Gargoyle Fighter)              Turns: 580, Time: 00:08:36

Health: -7/74      AC: 40    Str: 35    XL:     10   Next: 38%
Magic:  10/10      EV:  8    Int:  9    God:    the Shining One [******]
Gold:   0          SH:  0    Dex:  9    Spells: 8/9 levels left

rFire    . . .     SeeInvis +   b - +9 heavy crossbow "Sniper" {velocity, Acc+∞ SInv}
rCold    . . .     Gourm    .   (shield currently unavailable)
rNeg     + + +     Faith    .   F - +15 Maxwell's patent armour {-Cast -Tele rElec MR+ rCorr}
rPois    ∞         Spirit   .   (no helmet)
rElec    +         Reflect  .   (no cloak)
rCorr    +         Harm     .   (no gloves)
MR       +....     NoTele   +   C - +0 pair of boots {Stlth++} Stlth ..........NoCast +
                                (no amulet)
HPRegen  0.22/turn              z - +6 ring of strength
MPRegen  0.12/turn              A - +6 ring of strength

@: glowing, studying Stealth
A: negative energy resistance 1, electricity resistance, unbreathing,
petrification resistance, rot immunity, AC +7
a: Divine Shield, Cleansing Flame, Summon Divine Warrior, Brand Weapon With Holy
Wrath, Renounce Religion


You were in the Dungeon.
You worshipped the Shining One.
The Shining One was exalted by your worship.
You were not hungry.

You visited 1 branch

Inventory:

Hand Weapons
 a - the +7 great mace "Firestarter" {inner flame, rF++}
   (You found it in the Dungeon)

   It has been specially enchanted to burn those struck by it, causing extra
   injury to most foes and up to half again as much damage against particularly
   susceptible opponents.
   It greatly protects you from fire.
 b - the +9 heavy crossbow "Sniper" (weapon) {velocity, Acc+∞ SInv}
   (You found it in the Dungeon)

   Any bolt fired from it inflicts extra damage.
   It lets you see invisible.
 u - a +5 hand crossbow of freezing
 E - the +10 dark maul {crush}
   (You found it in the Dungeon)

   It inflicts extra damage upon your enemies.
 J - the +6 shillelagh "Devastator" {shatter}
   (You found it in the Dungeon)
Missiles
 G - 968 bolts (quivered)
Armour
 s - +5 gold dragon scales
 t - a +5 crystal plate armour
 x - +5 shadow dragon scales
 y - +5 storm dragon scales
 B - the +8 plate armour "Iromnawe" {*Contam rN++ Dex+3 SInv}
   (You found it in the Dungeon)

   It affects your dexterity (+3).
   It greatly protects you from negative energy.
   It lets you see invisible.
   It causes magical contamination when unequipped.
 C - a +0 pair of boots of stealth (worn)
 F - the +15 Maxwell's patent armour (worn) {-Cast -Tele rElec MR+ rCorr}
   (You found it in the Dungeon)

   It insulates you from electricity.
   It affects your resistance to hostile enchantments.
   It prevents spellcasting.
   It prevents most forms of teleportation.
   It provides partial protection from all sources of acid and corrosion.
Jewellery
 v - a +6 ring of dexterity
 w - a +6 ring of dexterity
 z - a +6 ring of strength (left hand)
 A - a +6 ring of strength (right hand)
 M - an uncursed ring of fire
Scrolls
 c - 5 scrolls of identify
 k - 4 scrolls of blinking
 l - 5 scrolls of remove curse
 m - 2 scrolls of fear
 D - 7 scrolls of fog
 H - 3 scrolls of brand weapon
 I - 4 scrolls of amnesia
Potions
 d - 6 potions of might
 f - 10 potions of curing
 g - 9 potions of heal wounds
 h - 6 potions of haste
 i - 7 potions of magic
 j - 3 potions of berserk rage
 n - 2 potions of brilliance
 o - 2 potions of invisibility
 p - 4 potions of resistance
 r - 5 potions of agility
Books
 L - a manual of Stealth
Miscellaneous
 K - a lightning rod (4/4)
Comestibles
 e - 7 rations {!d}
 q - 26 chunks of flesh


   Skills:
 + Level 13.8 Fighting
 + Level 14.3 Maces & Flails
 + Level 3.4 Crossbows
 + Level 14.2 Armour
 + Level 1.9 Stealth
   Level 3.2 Shields


You had 8 spell levels left.
You knew the following spells:

 Your Spells              Type           Power        Failure   Level  Hunger
a - Sandblast             Erth           #.....       88%         1    ##.....

Your spell library contained the following spells:

 Spells                   Type           Power        Failure   Level  Hunger
 Blink Other              Tloc           #.....       88%         1    ##.....
 Pain                     Necr           #.....       88%         1    ##.....
 Call Imp                 Summ           #.....       95%         2    ###....
 Ensorcelled Hibernation  Hex/Ice        #.....       95%         2    ###....
 Poisonous Vapours        Pois/Air       #.....       95%         2    ###....
 Ignite Poison            Fire/Tmut/Pois #.......     99%         3    ####...
 Petrify                  Tmut/Erth      #.......     100%        4    #####..
 Summon Demon             Summ           #.........   100%        5    ######.
 Ozocubu's Refrigeration  Ice            #.........   100%        6    #######
 Mana Rupture             Conj/Hex       #.........   100%        7    #######
 Controlled Blink         Tloc           N/A          100%        8    #######
 Dragon's Call            Summ           #.........   100%        9    #######
 Statue Form              Tmut/Erth      Unusable     N/A         6    N/A

Dungeon Overview and Level Annotations

Branches:
Dungeon (1/1)

Altars:
Ashenzari
Cheibriados
Dithmenos
Elyvilon
Fedhas
Gozag
Hepliaklqana
Kikubaaqudgha
Lugonu
Makhleb
Nemelex Xobeh
Okawaru
Qazlal
Ru
Sif Muna
Trog
Uskayaw
Vehumet
Wu Jian
Xom
Yredelemnul
Zin
The Shining One
Beogh
Jiyva


Innate Abilities, Weirdness & Mutations

You are resistant to torment.
Your stone body is resilient. (AC +7)
You are immune to poison.
You resist negative energy. (rN+)
You are resistant to electric shocks. (rElec)
You can survive without breathing.
You are immune to petrification.
You are immune to rotting.


Message History

The bolt of fire hits the +0 vampiric trident.
The +0 vampiric trident resists.
The bolt of fire hits you!!
The +0 vampiric trident hits you but does no damage.
The deep elf mage mumbles some strange words.
The deep elf mage blinks!
Firing (i - inventory)
G - 969 bolts (quivered)
Press: ? - help, Shift-Dir - straight line, f - deep elf mage
Aim: a deep elf mage, wielding a +0 long sword (haloed)
You shoot a bolt. The bolt hits the deep elf mage!!
The deep elf mage is almost dead.
The +0 vampiric trident hits you but does no damage. x2
The deep elf mage casts a spell.
The deep elf archer unwields the +1 great mace "Wixzyuc" {vamp, rF- Int+8}.
The deep elf archer wields a +0 longbow.
The deep elf archer shoots an arrow.
The arrow hits you!!
* * * LOW HITPOINT WARNING * * *
The +0 vampiric trident hits you but does no damage.
The deep elf mage points at you and mumbles some strange words.
The bolt of cold hits you!
You die...

▓..8©8..▓
▓..)}))...▓...})..▓
▓...§|[...▓..|....▓
▓..e.E....▓.......▓
▓....)....▓..)..).▓
▓..e......▓..÷÷÷..▓
▓....(eY..▓.......▓
▓.▓.....▓.▓.▓...▓.▓
▓....@e...▓...©...▓
▓▓▓▓▓▓▓▓▓▓▓▓▓▓▓▓▓▓▓
▓..8©8..▓ ▓...)|..▓
▓...)...▓ ▓.......▓
▓.......▓ ▓.....[.▓
▓...[.[.▓


You could see a deep elf archer, an earth elemental, 3 deep elf magi, an ice
beast and a +0 vampiric trident.

Vanquished Creatures
  A dancing weapon (D)
  2 toenail golems (D)
  2 merfolk (D)
  4 hippogriffs (D)
  A tarantella (D)
  Sigmund (D)
  A yak (D)
  A golden eye (D)
  Duvessa (D)
  A necrophage (D)
  A bullfrog (D)
  Blork the orc (D)
  Dowan (D)
  4 scorpions (D)
  2 jellies (D)
  Crazy Yiuf (D)
  Jessica (D)
  An ooze (D)
  A bat zombie (D)
  A jackal (D)
  A ball python skeleton (D)
  A leopard gecko skeleton (D)
31 creatures vanquished.

Notes
Turn   | Place    | Note
-------+----------+-------------------------------------------
     0 | D        | funkygono the Gargoyle Fighter began the quest for the Orb.
     0 | D        | Reached XP level 1. HP: 14/14 MP: 1/1
     4 | D        | Found a bloodstained altar of Trog.
     4 | D        | Found a shimmering blue altar of Sif Muna.
     4 | D        | Found a sacrificial altar of Ru.
     4 | D        | Found a stormy altar of Qazlal.
     4 | D        | Found an iron altar of Okawaru.
    19 | D        | Found a sparkling altar of Nemelex Xobeh.
    20 | D        | Found the +7 great mace "Firestarter" {inner flame, rF++}
    20 | D        | Found the +6 Majin-Bo {vamp, *Drain Str+12 Int+24}
    36 | D        | Found a blossoming altar of Fedhas.
    37 | D        | Found a transporter.
    37 | D        | Found a viscous altar of Jiyva.
    37 | D        | Found an ancient bone altar of Kikubaaqudgha.
    37 | D        | Found a hazy altar of Hepliaklqana.
    37 | D        | Found a corrupted altar of Lugonu.
    37 | D        | Found an opulent altar of Gozag.
    37 | D        | Found a burning altar of Makhleb.
    58 | D        | Found the +9 heavy crossbow "Sniper" {velocity, Acc+∞ SInv}
    58 | D        | Found the +10 dark maul {crush}
    58 | D        | Found the +15 Maxwell's patent armour {-Cast -Tele rElec
                  | MR+ rCorr}
    58 | D        | Found the +18 shield of the Gong {rElec rN+ MR+ EV-5}
    58 | D        | Found the cursed +14 obsidian axe {chop, +Fly SInv *Curse}
    60 | D        | Found the +6 shillelagh "Devastator" {shatter}
    60 | D        | Found the +11 plutonium sword {*Contam Stlth-}
    60 | D        | Found the +8 lance "Wyrmbane" {slay drac, rPois rF+ rC+
                  | AC+3}
    60 | D        | Found the +9 sword of Zonguldrok {reap}
    60 | D        | Found the cursed +13 scythe of Curses {drain, *Curse}
    60 | D        | Found the +0 sword of Power
    60 | D        | Found the +7 mace of Variability {chain chaos}
    60 | D        | Found the +7 Singing Sword {slice}
    60 | D        | Found the +7 longbow "Piercer" {penet, EV-2}
   191 | D        | Became a worshipper of the Shining One
   205 | D        | Entered arena 2.
   205 | D        | Noticed a toenail golem
   205 | D        | Noticed a toenail golem
   205 | D        | Found a transporter.
   212 | D        | Killed a toenail golem
   212 | D        | Reached skill level 10 in Fighting
   212 | D        | Reached skill level 10 in Armour
   212 | D        | Reached skill level 1 in Stealth
   212 | D        | Reached XP level 2. HP: 28/28 MP: 2/2
   212 | D        | Reached XP level 3. HP: 32/32 MP: 3/3
   212 | D        | Reached XP level 4. HP: 37/37 MP: 4/4
   212 | D        | Reached XP level 5. HP: 42/42 MP: 5/5
   212 | D        | Reached XP level 6. HP: 48/48 MP: 6/6
   217 | D        | Killed a toenail golem
   217 | D        | Reached XP level 7. HP: 30/54 MP: 7/7
   347 | D        | Reached XP level 8. HP: 60/60 MP: 8/8
   350 | D        | Entered arena 3.
   350 | D        | Noticed a yak
   350 | D        | Reached * piety under the Shining One
   350 | D        | Found a transporter.
   353 | D        | Killed a yak
   353 | D        | Reached XP level 9. HP: 62/66 MP: 9/9
   395 | D        | Entered arena 4.
   395 | D        | Reached ** piety under the Shining One
   395 | D        | Found a transporter.
   397 | D        | Reached *** piety under the Shining One
   413 | D        | Got Ses Duar's Catalogue of the Voyage and Earth
   416 | D        | Learned a level 1 spell: Sandblast
   423 | D        | Entered arena 5.
   423 | D        | Reached **** piety under the Shining One
   423 | D        | Found a transporter.
   429 | D        | Reached skill level 10 in Maces & Flails
   440 | D        | Got the +0 demon trident "Rewiod" {drain, rC+ Str+5 Int+4}
   450 | D        | Entered arena 6.
   450 | D        | Found a transporter.
   473 | D        | Entered arena 7.
   473 | D        | Noticed a merfolk
   473 | D        | Reached ***** piety under the Shining One
   473 | D        | Noticed a merfolk
   474 | D        | Found a transporter.
   481 | D        | Killed a merfolk
   482 | D        | Reached XP level 10. HP: 60/73 MP: 10/10
   517 | D        | Got the +8 plate armour "Iromnawe" {*Contam rN++ Dex+3
                  | SInv}
   519 | D        | Got the Almanac of the Entourage and Execration
   524 | D        | Got the Reference Book on the Vitriolic Snowflakes
   526 | D        | Entered arena 8.
   526 | D        | Noticed Sigmund
   526 | D        | Noticed Jessica
   526 | D        | Received a gift from the Shining One
   526 | D        | Noticed Blork the orc
   526 | D        | Noticed Crazy Yiuf
   526 | D        | Noticed Dowan
   526 | D        | Noticed Duvessa
   531 | D        | Killed Duvessa
   531 | D        | Killed Crazy Yiuf
   534 | D        | Found a transporter.
   535 | D        | Killed Blork the orc
   537 | D        | Killed Sigmund
   538 | D        | Killed Jessica
   541 | D        | Killed Dowan
   573 | D        | Got the Reference Book on Dark Arts and Companions
   578 | D        | Entered arena 9.
   578 | D        | Noticed a deep elf archer
   578 | D        | Noticed a deep elf mage
   578 | D        | Noticed a +0 vampiric trident
   578 | D        | Noticed a deep elf mage
   578 | D        | Noticed a deep elf mage
   578 | D        | Noticed a +2 antimagic short sword
   578 | D        | Reached ****** piety under the Shining One
   579 | D        | Found the +0 pair of fencer's gloves {Riposte Dex+6}
   579 | D        | Identified the +1 great mace "Wixzyuc" {vamp, rF- Int+8}
   579 | D        | Killed a +2 antimagic short sword
   580 | D        | Killed from afar by a deep elf mage

Skill      XL: |  1  2  3  4  5  6  7  8  9 10 |
---------------+-------------------------------+-----
Fighting       | 10 11 12 13 | 13.8
Maces & Flails | 6 8 9 12 14 | 14.3
Armour         | 10 11 12 13 14 | 14.2
Stealth        | 1 |  1.9
Crossbows      | 3 |  3.4
Shields        | |  3.2

Action                   |  1- 3 |  4- 6 |  7- 9 | 10-12 || total
-------------------------+-------+-------+-------+-------++-------
Melee: Great mace        |     5 |     5 |    24 |    13 ||    47
 Fire: Heavy crossbow    |       |       |       |     2 ||     2
  Use: Potion            |     1 |       |     1 |       ||     2
Armor: Plate armour      |     7 |     4 |    55 |    16 ||    82
Dodge: Dodged            |     7 |     1 |    26 |     5 ||    39
